 Dungeon Crawl Stone Soup version 0.25-a0-339-gb37b713 (webtiles) character file.

Game seed: 17330497714728596758, levelgen mode: deterministic

47076 Auros the Blocker (level 14, -1/124 HPs)
             Began as a Minotaur Fighter on Dec 28, 2019.
             Was a High Priest of Okawaru.
             Killed by divine providence
             ... invoked by a meliai
              (8 damage)
             ... on level 3 of the Lair of Beasts.
             The game lasted 02:49:33 (21858 turns).

Auros the Blocker (Minotaur Fighter)               Turns: 21858, Time: 02:49:33

Health: -1/124     AC: 22    Str: 25    XL:     14   Next: 7%
Magic:  19/19      EV: 11    Int:  5    God:    Okawaru [*****.]
Gold:   1383       SH: 22    Dex: 11    Spells: 11/13 levels left

rFire    + . .     SeeInvis +   a - +2 flail
rCold    . . .     Gourm    .   V - +0 large shield
rNeg     . . .     Faith    +   v - +0 plate armour
rPois    +         Spirit   .   T - +0 hat
rElec    .         Reflect  .   j - +0 cloak {rPois}
rCorr    .         Harm     .   (no gloves)
MR       +....                  g - +0 pair of boots
Stlth    ..........             D - amulet of faith
HPRegen  0.30/turn              Q - ring of protection from fire
MPRegen  0.16/turn              B - ring of see invisible

@: heroism, very slightly contaminated
A: retaliatory headbutt, horns 2
a: Heroism, Finesse, Renounce Religion


You were on level 3 of the Lair of Beasts.
You worshipped Okawaru.
Okawaru was extremely pleased with you.
You were hungry.

You visited 4 branches of the dungeon, and saw 17 of its levels.
You also visited: Volcano.

You collected 1709 gold pieces.
You spent 326 gold pieces at shops.

Inventory:

Hand Weapons
 a - a +2 flail (weapon)
 b - a +0 fustibalus of freezing
 m - a +0 hand crossbow
 y - a +3 great sword of holy wrath
Missiles
 s - 41 poisoned darts (quivered)
 u - 6 curare-tipped darts
 x - 4 throwing nets
 Z - 18 stones
Armour
 g - a +0 pair of boots (worn)
 j - a +0 cloak of poison resistance (worn)
 v - a +0 plate armour (worn)
 A - a scarf of repulsion
 T - a +0 hat (worn)
 U - a scarf of spirit shield
 V - a +0 large shield (worn)
 W - a +1 cloak
Jewellery
 B - a ring of see invisible (right hand)
 D - an amulet of faith (around neck)
 E - a +6 amulet of reflection
 K - an uncursed amulet of regeneration
 Q - a ring of protection from fire (left hand)
Wands
 h - a wand of digging (5)
 r - a wand of polymorph (18)
 w - a wand of enslavement (5)
 H - a wand of clouds (6)
 N - a wand of random effects (24)
 O - a wand of iceblast (9)
 R - a wand of paralysis (6)
 Y - a wand of acid (6)
Scrolls
 c - 5 scrolls of remove curse
 i - 4 scrolls of identify
 k - a scroll of blinking
 l - 3 scrolls of fear
 t - a scroll of teleportation
 C - a scroll of immolation {unknown}
 F - a scroll of magic mapping {unknown}
 G - a scroll of amnesia
 P - a scroll of vulnerability {unknown}
 X - 3 scrolls of enchant weapon
Potions
 d - a potion of ambrosia {unknown}
 f - a potion of magic
 n - a potion of lignification
 o - 2 potions of brilliance
 p - a potion of invisibility
 q - a potion of flight
 I - 3 potions of curing
 J - a potion of agility
 L - a potion of berserk rage {unknown}
 M - a potion of mutation
Comestibles
 z - 31 rations


   Skills:
 + Level 11.1(16.1) Fighting
 - Level 12.0(17.0) Maces & Flails
 - Level 6.0(11.0) Crossbows
 + Level 13.9(18.9) Armour
 - Level 5.9(10.9) Dodging
 + Level 13.9(18.9) Shields
 + Level 8.9 Invocations
 + Level 5.1 Evocations


You had 11 spell levels left.
You knew the following spells:

 Your Spells              Type           Power        Failure   Level  Hunger
a - Blink                 Tloc           N/A          100%        2    ###....

Your spell library contained the following spells:

 Spells                   Type           Power        Failure   Level  Hunger
 Magic Dart               Conj           #...         100%        1    ##.....
 Call Imp                 Summ           #.......     100%        2    ###....
 Passwall                 Tmut/Erth      #.......     100%        2    ###....
 Shroud of Golubria       Chrm/Tloc      #.....       100%        2    ###....
 Slow                     Hex            #.......     100%        2    ###....
 Conjure Flame            Conj/Fire      #.......     100%        3    ####...
 Lesser Beckoning         Tloc           #.........   100%        3    ####...
 Mephitic Cloud           Conj/Pois/Air  #.......     100%        3    ####...
 Summon Forest            Summ/Tloc      #.........   100%        5    ######.
 Disjunction              Tloc           #.........   100%        8    #######


Dungeon Overview and Level Annotations

Branches:
Dungeon (10/15)            Temple (1/1) D:7            Lair (4/6) D:10
 Spider (0/4) Lair:3          Orc (2/2) D:10            Elf (0/3) Orc:2
Volcano (visited)
  Swamp: Lair:2-4    Shoals: Lair:2-4

Altars:
Ashenzari
Cheibriados
Dithmenos
Elyvilon
Fedhas
Gozag
Hepliaklqana
Kikubaaqudgha
Makhleb
Okawaru
Qazlal
Ru
Sif Muna
Trog
Uskayaw
Vehumet
Wu Jian
Xom
Yredelemnul
Zin
The Shining One

Shops:
D:7 *   D:10 [}(=   Orc:2 (*:%*

Annotations:
D:4 ogre
D:6 1 runed translucent door, Buxparty's ghost, novice HaHu


Innate Abilities, Weirdness & Mutations

You reflexively headbutt those who attack you in melee.
You have a pair of horns on your head.


Message History

The meliai burns the plant.
The meliai stings the plant.
You block the killer bee's attack.
The killer bee stings you but does no damage.
The meliai hits you but does no damage. The meliai closely misses you.
You climb upwards.
There is a stone staircase leading down here.
You feel better.
You block the meliai's attack. x2; The killer bee misses you.
You block the killer bee's attack. You block the meliai's attack.
The meliai stings you.
* * * LOW HITPOINT WARNING * * *
The meliai hits you but does no damage. The meliai barely misses you.
You block the killer bee's attack.
The killer bee stings you but does no damage.
Blink to where?
Press: ? - help, Dir - move target cursor You are very lightly contaminated with residual magic.
As you read the scroll of blinking, it crumbles to dust.
The meliai invokes the aid of its god against you.
Something smites you!
You die...

..........#
##......#
.....######
#.......# ...#.#
##......# ....##
♣♣♣♣♣ ####...##
...## ♣♣♣...♣♣♣
♣#...# ...#
♣.......♣ ♣##..##
...#
♣♣.......♣♣♣♣.#.[.#
...#
♣.....y...♣......##
...#
♣....y.y....@.....#
...#
♣......y...♣♣....##
...#
♣♣.......♣♣♣♣##...#
...# ♣.......♣
#....## ##.#
♣♣♣...♣♣♣ ###.##
#### ♣♣♣♣♣ #.## ###


You could see 2 meliai and 2 killer bees.

Vanquished Creatures
  4 ogre magi
  2 hydras
  15 two-headed ogres
  10 death yaks
  Nergalle (Orc:1)
  Sonja (Lair:1)
  2 black mambas
  A gargoyle (D:10)
  3 spiny frogs
  A rime drake (Lair:4)
  3 komodo dragons
  2 ice devils (Lair:1)
  3 jumping spiders (Lair:3)
  A polar bear (Lair:3)
  A queen bee (Lair:2)
  5 trolls
  8 hippogriffs
  A blink frog (Lair:4)
  Sigmund (D:5)
  A redback (Lair:3)
  2 spriggans (Lair:3)
  A basilisk (Lair:3)
  2 fire bats (Volcano)
  2 wyverns
  A human (D:8)
  31 yaks
  Grum (D:8)
  5 vampire mosquitoes (Lair:4)
  4 hogs (D:8)
  4 wargs
  Edmund (D:5)
  6 porcupines
  5 water moccasins
  6 orc warriors
  A sky beast (D:9)
  A necrophage (D:9)
  A black bear (Lair:3)
  28 ogres
  5 ice beasts
  3 phantoms
  4 centaurs
  9 wolves
  7 crocodiles
  2 big kobolds
  12 bullfrogs
  A wyvern skeleton (D:9)
  4 scorpions
  36 killer bees
  8 wights
  3 howler monkeys
  2 lava snakes (Volcano)
  A bullfrog zombie (D:6)
  A centaur skeleton (D:5)
  11 orc priests
  A jelly (D:7)
  2 bullfrog skeletons
  A gnoll shaman (D:5)
  8 hounds
  13 orc wizards
  4 iguanas
  7 worker ants
  A hell rat (Lair:4)
  A hound zombie (D:7)
  A hound skeleton (D:8)
  Robin (D:3)
  8 adders
  5 gnolls (D:5)
  A howler monkey skeleton (D:8)
  3 shadow imps
  An ooze (D:3)
  An adder zombie (D:8)
  2 worms (D:3)
  A dart slug (D:1)
  6 leopard geckos
  49 orcs
  A ball python (D:1)
  2 bats (D:3)
  2 giant cockroaches
  13 goblins
  5 hobgoblins (D:3)
  6 jackals
  3 quokkas
  2 frilled lizards
  A jackal skeleton (D:5)
  11 kobolds
  2 leopard gecko skeletons
  A leopard gecko zombie (D:8)
  3 quokka skeletons
  5 rats
451 creatures vanquished.

Vanquished Creatures (collateral kills)
  An ogre (Orc:2)
1 creature vanquished.

Vanquished Creatures (others)
  A two-headed ogre (Orc:2)
  A fungus (Lair:2)
  5 plants
7 creatures vanquished.

Grand Total: 459 creatures vanquished

Notes
Turn   | Place    | Note
-------+----------+-------------------------------------------
     0 | D:1      | Auros the Minotaur Fighter began the quest for the Orb.
     0 | D:1      | Reached XP level 1. HP: 19/19 MP: 0/0
   236 | D:1      | Reached XP level 2. HP: 27/27 MP: 1/1
   498 | D:3      | Reached XP level 3. HP: 32/33 MP: 2/2
   534 | D:3      | Noticed Robin
   542 | D:3      | Killed Robin
   747 | D:4      | Reached XP level 4. HP: 27/40 MP: 3/3
   875 | D:4      | Noticed an ogre
   895 | D:5      | Entered Level 5 of the Dungeon
   897 | D:5      | Noticed Sigmund
  1710 | D:3      | Reached skill level 5 in Armour
  1710 | D:3      | Reached skill level 5 in Shields
  1710 | D:3      | Reached XP level 5. HP: 39/46 MP: 4/4
  1974 | D:4      | Noticed a phantom
  2000 | D:4      | Killed a phantom
  2000 | D:4      | Reached XP level 6. HP: 52/52 MP: 5/5
  2803 | D:5      | Noticed Edmund
  2820 | D:5      | Killed Edmund
  2820 | D:5      | Reached skill level 5 in Maces & Flails
  2951 | D:5      | Reached XP level 7. HP: 58/58 MP: 6/6
  2965 | D:5      | Found an opulent altar of Gozag.
  3143 | D:5      | Killed Sigmund
  3555 | D:5      | Reached XP level 8. HP: 66/66 MP: 7/7
  4064 | D:6      | Learned a level 2 spell: Blink
  4201 | D:6      | Noticed Buxparty's ghost (novice HaHu)
  4205 | D:6      | Found a runed translucent door.
  4358 | D:6      | Found a blossoming altar of Fedhas.
  4537 | D:6      | Identified the Tome of Ashen Translocation
  4764 | D:7      | Reached XP level 9. HP: 68/71 MP: 8/8
  5143 | D:7      | Found Bematu's Assorted Antiques.
  5164 | D:7      | Bought a glowing scarf for 192 gold pieces
  5189 | D:7      | Found a staircase to the Ecumenical Temple.
  5199 | Temple   | Entered the Ecumenical Temple
  5320 | Temple   | Became a worshipper of Warmaster Okawaru
  5890 | D:7      | Reached * piety under Okawaru
  5890 | D:7      | Reached skill level 10 in Armour
  5890 | D:7      | Reached skill level 10 in Shields
  6325 | D:8      | Noticed Grum
  6350 | D:8      | Killed Grum
  6350 | D:8      | Reached skill level 1 in Invocations
  6588 | D:8      | Reached ** piety under Okawaru
  6665 | D:8      | Reached skill level 10 in Maces & Flails
  6665 | D:8      | Reached XP level 10. HP: 74/80 MP: 10/10
  6819 | D:8      | Reached skill level 5 in Fighting
  6836 | D:8      | Reached *** piety under Okawaru
  7125 | D:8      | Found a stormy altar of Qazlal.
  7616 | D:9      | Reached **** piety under Okawaru
  8323 | D:9      | Noticed a five-headed hydra
  8338 | D:9      | Killed a five-headed hydra
  8338 | D:9      | Reached XP level 11. HP: 50/91 MP: 10/13
  8505 | D:9      | Noticed a two-headed ogre
  8517 | D:9      | Killed a two-headed ogre
  8517 | D:9      | Reached ***** piety under Okawaru
  8547 | D:9      | Found a shattered altar of Ashenzari.
  9245 | D:10     | Entered Level 10 of the Dungeon
  9271 | D:10     | Reached skill level 5 in Invocations
  9567 | D:10     | Found Nyteinla's Armour Boutique.
  9578 | D:10     | Bought a +0 large shield for 67 gold pieces
  9578 | D:10     | Bought a +0 cloak for 67 gold pieces
  9722 | D:10     | Found a staircase to the Orcish Mines.
  9727 | Orc:1    | Entered Level 1 of the Orcish Mines
  9972 | Orc:1    | Noticed Nergalle
  9973 | Orc:1    | Noticed a spectral orc warlord
 10136 | D:10     | Found Lahun's Gadget Boutique.
 10141 | D:10     | Found Wankidghu's Weapon Emporium.
 10231 | D:10     | Found Dostosh's Jewellery Shoppe.
 10314 | D:10     | Noticed a death yak
 10314 | D:10     | Noticed a death yak
 10324 | D:10     | Noticed a death yak
 10325 | D:10     | Noticed a death yak
 10327 | D:10     | Noticed a death yak
 10329 | D:10     | Noticed a death yak
 10341 | D:10     | Killed a death yak
 10368 | D:10     | Killed a death yak
 10401 | D:9      | HP: 3/94 [death yak (12)]
 10782 | D:9      | Killed a death yak
 10871 | D:9      | Killed a death yak
 10871 | D:9      | Received a gift from Okawaru
 10913 | D:9      | Killed a death yak
 11176 | D:9      | Killed a death yak
 11291 | D:10     | Found a staircase to the Lair.
 11563 | Orc:1    | Killed Nergalle
 11563 | Orc:1    | Reached XP level 12. HP: 91/103 MP: 15/15
 11855 | Orc:2    | Entered Level 2 of the Orcish Mines
 11913 | Orc:2    | Noticed a two-headed ogre
 11913 | Orc:2    | Noticed a two-headed ogre
 11916 | Orc:2    | Noticed a two-headed ogre
 11916 | Orc:2    | Noticed a two-headed ogre
 11916 | Orc:2    | Noticed a two-headed ogre
 11917 | Orc:2    | Noticed a two-headed ogre
 11917 | Orc:2    | Noticed an ogre mage
 11920 | Orc:2    | Noticed an ogre mage
 11922 | Orc:2    | Killed a two-headed ogre
 11923 | Orc:2    | Noticed a two-headed ogre
 11924 | Orc:2    | Noticed a two-headed ogre
 12262 | D:10     | Killed a two-headed ogre
 12268 | D:10     | Killed an ogre mage
 12307 | Orc:1    | Killed a two-headed ogre
 12491 | Orc:1    | Killed a two-headed ogre
 12616 | Orc:1    | Killed a two-headed ogre
 13195 | D:10     | Killed a two-headed ogre
 13204 | D:10     | Killed a two-headed ogre
 13204 | D:10     | Received a gift from Okawaru
 13475 | Orc:2    | Killed an ogre mage
 13475 | Orc:2    | Reached skill level 10 in Fighting
 13684 | Orc:2    | Noticed a two-headed ogre
 13685 | Orc:2    | Noticed a two-headed ogre
 13685 | Orc:2    | Noticed an ogre mage
 13703 | Orc:1    | Killed a two-headed ogre
 13847 | Orc:1    | Killed a two-headed ogre
 13863 | Orc:2    | Killed an ogre mage
 13897 | Orc:2    | Noticed an ogre mage
 14065 | Orc:2    | Noticed a two-headed ogre
 14068 | Orc:2    | Noticed a two-headed ogre
 14137 | Orc:1    | Killed a two-headed ogre
 14141 | Orc:1    | Killed a two-headed ogre
 14141 | Orc:1    | Received a gift from Okawaru
 14145 | Orc:2    | Noticed a two-headed ogre
 14325 | Orc:2    | Killed a two-headed ogre
 14325 | Orc:2    | Reached XP level 13. HP: 93/114 MP: 11/18
 14464 | Orc:2    | Found Maumn's Food Shop.
 14464 | Orc:2    | Found Vutheet's Assorted Antiques.
 14465 | Orc:2    | Found Zypa's General Store.
 14465 | Orc:2    | Found Yfoomm's Book Shop.
 14666 | Orc:2    | Found a staircase to the Elven Halls.
 14672 | Orc:2    | Found a burning altar of Makhleb.
 15354 | Orc:2    | Found Xilearru's Antique Weapon Shoppe.
 15611 | Lair:1   | Entered Level 1 of the Lair of Beasts
 15737 | Lair:1   | Noticed Sonja
 15764 | Lair:1   | Killed Sonja
 15764 | Lair:1   | Reached skill level 1 in Crossbows
 15764 | Lair:1   | Reached skill level 1 in Dodging
 15764 | Lair:1   | Reached skill level 1 in Evocations
 18163 | Lair:2   | Found a dark tunnel.
 18185 | Volcano  | Entered a volcano
 19865 | Lair:3   | Reached skill level 5 in Crossbows
 19865 | Lair:3   | Reached skill level 5 in Dodging
 20241 | Lair:3   | Found a hole to the Spider Nest.
 21342 | Lair:4   | Reached skill level 5 in Evocations
 21342 | Lair:4   | Reached XP level 14. HP: 113/124 MP: 19/19
 21855 | Lair:4   | HP: 1/124 [meliai/divine providence (15)]
 21858 | Lair:3   | Killed from afar by a meliai

Levels and vault maps discovered:
D:1:      kennysheep_arrival_seaside, layout_basic, minmay_misc_feat_cross,
          minmay_crystal_room
D:2:      layout_loops_corners, overflow_temple_1_default, minmay_tetromino_s4,
          uniq_jessica
D:3:      layout_loops_ring, lemuel_blue_sif_altar, uniq_robin
D:4:      layout_gridville, first_ration
D:5:      layout_loops_ring, enter_ossuary_1, basic_altar, uniq_edmund,
          uniq_sigmund
D:6:      layout_cave_pools, hellmonk_ghost_happy_afterlife, fedhas_altar_2
D:7:      layout_loops_ring, minmay_temple_entry_water_ring, serial_shops,
          nicolae_shop_overgrown_old_shop
D:8:      layout_rooms, basic_altar, grunt_livestock,
          minmay_fractal_squares_gapless_5, uniq_grum
D:9:      layout_roguey, kennysheep_another_room, ashenzari_altar_1
D:10:     layout_roguey, dpeg_lair_monsters, orc_0_dummy, serial_shops,
          shop_statue, shop, shop, shop, enter_bailey_1, hex_tiny
Temple:   compressed_dpeg_circular_temple
Lair:1:   layout_small_grid, uniq_sonja
Lair:2:   layout_roguey, special_room [special_room_bee],
          nicolae_volcano_entry_lava_flow, portal_ice_cave_demonic_guard
Lair:3:   layout_chaotic_city, nicolae_spider_entry_tight_spaces,
          forest_entry_grove
Lair:4:   regret_index_bee_streams, layout_regular_city,
          minmay_swamp_entry_swarm
Orc:1:    layout_caves, uniq_nergalle
Orc:2:    st_orc_ogre_mass, layout_diamond_mine, serial_shops,
          nicolae_shop_competitors_out_of_business, bloody_makhleb

Skill      XL: |  1  2  3  4  5  6  7  8  9 10 11 12 13 |
---------------+----------------------------------------+-----
Maces & Flails | 3 4 5 6 8 10 11 12 | 12.0
Armour         | 4 5 6 7 8 10 11 12 13 | 13.9
Shields        | 4 5 6 7 8 10 11 12 13 | 13.9
Fighting       | 4 6 8 10 11 | 11.1
Invocations    | 1 4 6 8 |  8.9
Crossbows      | 6 |  6.0
Dodging        | 5 |  5.9
Evocations     | 5 |  5.1

Action                   |  1- 3 |  4- 6 |  7- 9 | 10-12 | 13-15 || total
-------------------------+-------+-------+-------+-------+-------++-------
Melee: Flail             |    90 |   120 |   402 |   762 |   796 ||  2170
       Headbutt          |    14 |    23 |    75 |   183 |   165 ||   460
Throw: Stone             |     7 |       |    20 |       |       ||    27
       Dart              |       |       |       |    10 |    13 ||    23
Invok: Heroism           |       |       |       |    16 |    14 ||    30
       Finesse           |       |       |       |    11 |     5 ||    16
Evoke: Wand              |       |       |       |     5 |     5 ||    10
  Use: Potion            |       |     1 |     1 |     1 |     5 ||     8
       Scroll            |       |       |     9 |     4 |    11 ||    24
 Stab: Paralysed         |       |       |       |       |     3 ||     3
  Eat: Chunk             |       |     7 |     9 |    18 |    17 ||    51
       Ration            |       |       |     1 |     2 |     2 ||     5
Armor: Scale mail        |    37 |    22 |       |       |       ||    59
       Plate armour      |       |    30 |   208 |   196 |   256 ||   690
       Skin              |       |       |    10 |       |       ||    10
Dodge: Dodged            |    23 |    24 |    69 |   101 |   167 ||   384
       Deflected         |       |       |       |     2 |     1 ||     3
Block: Shield            |    44 |    61 |   225 |   184 |       ||   514
       Large shield      |       |       |       |   273 |   824 ||  1097

Table legend:
 A = Non-vault XP
 B = Vault XP
 C = Vault XP percentage of total XP
 D = Non-vault monster count
 E = Vault monster count
 F = Vault count percentage of total count
                 A         B        C        D         E       F
            +---------+---------+-------+---------+---------+-------
      Total |   32060 |   35192 |  52.3 |     317 |     135 |  29.9
            +---------+---------+-------+---------+---------+-------
        D:1 |      15 |       0 |   0.0 |       8 |       0 |   0.0
        D:2 |       7 |       0 |   0.0 |       4 |       0 |   0.0
        D:3 |     186 |      31 |  14.3 |      23 |      11 |  32.4
        D:4 |     249 |       0 |   0.0 |       9 |       0 |   0.0
        D:5 |     826 |     393 |  32.2 |      22 |       2 |   8.3
        D:6 |    1037 |       0 |   0.0 |      17 |       0 |   0.0
        D:7 |    1647 |       0 |   0.0 |      25 |       0 |   0.0
        D:8 |    2443 |    1597 |  39.5 |      36 |      12 |  25.0
        D:9 |    5127 |    3528 |  40.8 |      51 |       4 |   7.3
       D:10 |    2437 |    5697 |  70.0 |      29 |       9 |  23.7
     Temple |      59 |       0 |   0.0 |       1 |       0 |   0.0
     Lair:1 |    3244 |    1500 |  31.6 |      16 |       3 |  15.8
     Lair:2 |    5468 |    1786 |  24.6 |      16 |      25 |  61.0
     Lair:3 |    2634 |    2578 |  49.5 |      12 |      14 |  53.8
     Lair:4 |    4585 |    2075 |  31.2 |      15 |      19 |  55.9
      Orc:1 |     382 |    8109 |  95.5 |       8 |      16 |  66.7
      Orc:2 |    1714 |    7413 |  81.2 |      25 |      16 |  39.0
    Volcano |       0 |     485 | 100.0 |       0 |       4 | 100.0
            +---------+---------+-------+---------+---------+-------
